cohdb
Replays
Latest Replays
All Replays
Popular Replays
Top Player Replays
Match Explorer
How It Works
Community
CoH3 Stats
Reddit
Sign in to upload your games and track your stats! →
Sign in with Steam
Match 38325722
Unlisted
Match 38325722
Overview
Messages
Build Orders
End
Vickers Machine Gun Team
Construct Section Command Post
Infantry Section
Infantry Section
ML 3-inch Mortar Team
Infantry Section
Infantry Section
Construct Platoon Command Post
Grenade Package
Unlock M3 Stuart Light Tanks
M3 Stuart Light Tank
M3 Stuart Light Tank
Selects Heavy Armor Battlegroup
Selects Rigorous Vehicle Training
Selects Light Vehicle Withdraw and Refit
Selects Forward Repair Assembly
Construct Company Command Post
Unlock M3 Grant Medium Tanks
Selects Recon Artillery
Recon Artillery
M3 Grant Medium Tank
Foot Guards Section
M3 Grant Medium Tank
M3 Grant Medium Tank
Recon Artillery
Selects Crusader AA Medium Tank
Royal Engineer Section
Selects Churchill Black Prince Heavy Tank
Churchill Black Prince Heavy Tank
Emua
Zeal
xxxgunner
UH|XTC
insane
iceman
0
0
Comments
sign in to comment!
No comments posted yet!